AoeStats
← dongquangthang

African Clearing

506632271Analyzed
4v4 RM · 19d ago on Sep 14, 2026· 36m 25s· 8 players
Game mode
Random Map
Map size
Large (8 player)
Population
200
Speed
Normal
Resources
Standard
Victory
Conquest
Starting age
Dark Age
Ending age
Imperial Age
RankedLock teamsTeams togetherTeam positionsShared explorationLock speedFull tech treeHidden civsTurbo modeCheats
Victory
Defeat
🇵🇰 Vietnamese · Pakistan
1282
+14
🇵🇰 Bulgarians · Pakistan
1274
+14
🇵🇰 Bengalis · Pakistan
1195
+18
🇵🇰 Mongols · Pakistan
1192
+17
🇷🇴 Koreans · Romania
1249
-16
🇹🇷 Cumans · Türkiye
1230
-16
🇨🇴 Britons · Colombia
1224
-16
🇻🇳 Maya · Vietnam
1205
-15
dongquangthang
2:57 Loom
12:41 Feudal Age
13:10 Double-Bit Axe
18:26 Castle Age
16:45 Stone Mining
17:17 Fletching
17:59 Padded Archer Armor
19:16 Wheelbarrow
19:07 Crossbowman
25:49 Bodkin Arrow
26:36 Scale Mail Armor
27:22 Horse Collar
31:15 Squires
32:51 Thumb Ring
Albus
6:50 Loom
13:22 Feudal Age
14:33 Double-Bit Axe
22:07 Scale Barding Armor
22:12 Forging
23:01 Bloodlines
28:28 Horse Collar
RoaZorro
14:13 Feudal Age
18:48 Castle Age
17:05 Double-Bit Axe
19:33 Fletching
19:37 Crossbowman
20:17 Bodkin Arrow
29:04 Loom
29:57 Wheelbarrow
31:25 Ballistics
38:28 Imperial Age
Elfelo
3:45 Loom
13:35 Feudal Age
22:07 Double-Bit Axe
23:53 Wheelbarrow
27:49 Gold Mining
32:43 Castle Age
ZeroStrat96
9:52 Loom
12:34 Feudal Age
14:15 Double-Bit Axe
15:55 Fletching
22:11 Castle Age
21:37 Padded Archer Armor
22:54 Bodkin Arrow
29:02 Gold Mining
31:40 Padded Archer Armor
33:34 Town Watch
34:35 Horse Collar
37:08 Wheelbarrow
Zuku
9:34 Loom
11:43 Feudal Age
12:57 Arson
14:58 Forging
15:27 Scale Mail Armor
17:35 Double-Bit Axe
18:51 Horse Collar
21:45 Castle Age
21:03 Stone Mining
23:43 Fletching
28:34 Bow Saw
30:59 Gold Mining
31:10 Bodkin Arrow
32:37 Wheelbarrow
Sera
8:31 Loom
12:19 Feudal Age
16:54 Castle Age
16:13 Double-Bit Axe
16:29 Horse Collar
18:18 Bow Saw
coys
4:37 Loom
13:44 Feudal Age
18:29 Castle Age
20:36 Fletching
21:07 Bodkin Arrow
23:28 Double-Bit Axe
29:42 Padded Archer Armor
Connection lost

Rejoining the realm…

Still unreachable

The connection could not be restored.

Session expired

The server has moved on; the page needs a fresh start.